 Dungeon Crawl Stone Soup version 0.26-a0-849-gf1512cd430 (webtiles) character file.

Game seed: 11626127820830228554

162078 Kinoniko the Severer (level 17, -3/234 HPs)
             Began as a Red Draconian Berserker on Nov 20, 2020.
             Was the Champion of Trog.
             Slain by a hellwing (7 damage)
             ... on level 4 of the Abyss.
             The game lasted 00:56:45 (36182 turns).

Kinoniko the Severer (Red Draconian Berserker)     Turns: 36182, Time: 00:56:45

Health: -3/234     AC: 18    Str: 30      XL:     17   Next: 21%
Magic:  0/17       EV: 19    Int: 10 (12) God:    Trog [******]
Gold:   1896       SH: 30    Dex: 17      Spells: 16/16 levels left

rFire    + + +     SeeInvis +   W - +9 broad axe "Zodduapn" {flame, rC+}
rCold    + . .     Faith    .   z - +4 tower shield
rNeg     + + .     Spirit   .   (armour unavailable)
rPois    +         Reflect  +   (helmet restricted)
rElec    .         Harm     .   U - +2 cloak {Stlth+}
rCorr    .         Rampage  .   R - +2 pair of gloves "Lummaig" {Str+3 Int+3}
MR       ++++.                  k - +2 pair of boots
Stlth    ..........             S - amulet of reflection
HPRegen  1.00/turn              F - +6 ring of strength
MPRegen  0.15/turn              u - ring "Ylekk" {*Drain rPois rF+++ rN++ AC+4}

@: berserking, corroded, recuperating, diseased, studying Long Blades, very
quick
A: breathe fire, unfitting armour, big wings, see invisible, agile 1, fire
resistance 1, magic resistance 1, cold-blooded, AC +9
a: Breathe Fire, Fly, Berserk, Trog's Hand, Brothers in Arms, Renounce Religion


You were on level 4 of the Abyss.
You worshipped Trog.
Trog was exalted by your worship.
You visited 4 branches of the dungeon, and saw 26 of its levels.
You visited the Abyss 1 time.
You also visited: Ossuary.

You collected 3556 gold pieces.
You spent 1660 gold pieces at shops.

Inventory:

Hand Weapons
 A - a +5 executioner's axe of flaming
 W - the +9 broad axe "Zodduapn" (weapon) {flame, rC+}
   (Trog gifted it to you on level 14 of the Dungeon)

   It has been specially enchanted to burn those struck by it, causing extra
   injury to most foes and up to half again as much damage against particularly
   susceptible opponents.
   Big, fiery blades are also staple armaments of hydra-hunters.
   It protects you from cold.
Armour
 k - a +2 pair of boots (worn)
 z - a +4 tower shield (worn)
 R - the +2 pair of gloves "Lummaig" (worn) {Str+3 Int+3}
   (You bought it in a shop on level 2 of the Orcish Mines)

   It affects your strength (+3).
   It affects your intelligence (+3).
 U - a +2 cloak of stealth (worn)
Jewellery
 u - the ring "Ylekk" (right hand) {*Drain rPois rF+++ rN++ AC+4}
   (You found it on level 6 of the Lair of Beasts)

   [ring of protection]

   It affects your AC (+4).
   It renders you almost immune to fire.
   It protects you from poison.
   It greatly protects you from negative energy.
   It causes draining when unequipped.
 F - a +6 ring of strength (left hand)
 G - an uncursed ring of fire
 J - an uncursed amulet of magic regeneration
 K - a +6 ring of intelligence
 O - an uncursed amulet of regeneration
 P - an uncursed ring of positive energy
 S - an amulet of reflection (around neck)
 V - a cursed +4 ring of protection
 Z - a +4 ring of evasion
Wands
 l - a wand of iceblast (27)
 q - a wand of flame (70)
 r - a wand of paralysis (43)
 y - a wand of enslavement (10)
 H - a wand of digging (11)
 I - a wand of polymorph (13)
 L - a wand of random effects (47)
Scrolls
 b - 6 scrolls of immolation
 c - 13 scrolls of teleportation
 d - a scroll of torment
 e - 5 scrolls of amnesia
 f - 15 scrolls of remove curse
 h - a scroll of vulnerability
 i - a scroll of identify
 p - 6 scrolls of fog
 t - 2 scrolls of blinking
 B - 3 scrolls of magic mapping
 M - 5 scrolls of fear
Potions
 a - a potion of mutation
 g - 11 potions of lignification
 j - 6 potions of flight
 m - a potion of brilliance
 n - 4 potions of cancellation
 s - 6 potions of curing
 v - a potion of resistance
 w - 2 potions of berserk rage
 D - 6 potions of ambrosia
 E - a potion of magic
 N - 5 potions of heal wounds
Books
 x - a manual of Long Blades
Miscellaneous
 T - a tin of tremorstones (2/2)


   Skills:
 + Level 15.2 Fighting
 * Level 18.9 Axes
 + Level 12.5 Dodging
 * Level 14.0 Shields
 + Level 5.6 Evocations


You had 16 spell levels left.
You didn't know any spells.
Your spell library was empty.

Dungeon Overview and Level Annotations

Branches:
Dungeon (15/15)            Temple (0/1) D:7            Lair (6/6) D:9
  Swamp (3/4) Lair:3       Spider (0/4) Lair:3        Slime (0/5) Lair:6
    Orc (2/2) D:12            Elf (0/3) Orc:2        Vaults (0/5) D:14
 Depths (0/5) D:15        Ossuary (visited)

Altars:
Dithmenos
Gozag
Hepliaklqana
Qazlal
Ru
Jiyva

Shops:
D:12 *}   Orc:2 **(*

Portals:
Abyss: D:7
Trove: D:14 (give 7 scrolls of fog)

Annotations:
D:7 2 transporters, anet's ghost, novice GnHu
D:10 3 runed translucent doors, Decritt's ghost, novice GrFi
Swamp:3 Louise


Innate Abilities, Weirdness & Mutations

You can breathe blasts of fire.
Your fiery red scales are hard. (AC +9)
You cannot fit into any form of body armour.
Your flesh is heat resistant. (rF+)
You are cold-blooded and may be slowed by cold attacks.
Your large and strong wings let you fly indefinitely.
You have supernaturally acute eyesight. (SInv)
You are agile. (Dex +2)
You are resistant to hostile enchantments. (MR+)


Message History

You slice the thrashing horror!! You burn the thrashing horror.
You destroy the thrashing horror!
Trog accepts your kill.
You slash the Executioner! You burn the Executioner.
You closely miss the wretched star.
The starcursed mass shudders and withdraws towards its neighbour. x2
The Executioner hits you!!
* * * LOW HITPOINT WARNING * * *
The Executioner barely misses you. You block the Executioner's attack.
The ghost moth stares at you.
The wretched star glows turbulently.
The lance of force reflects off an invisible shield around you!
The lance of force hits the wretched star!
You destroy the wretched star!
Trog accepts your kill.
A starcursed mass splits.
The Executioner hits you.
* * * LOW HITPOINT WARNING * * *
You block the Executioner's attack.
The Executioner hits you but does no damage.
The hellwing hits you!
You die...

...............(
...X...........
............X.§
..3...W.........
.....*3W...G.#.
#.
..W.xmXY#...#..
#1XS.v# S .#
#.@Xx.#4XX
#§y4..#§ .
#+.h..XX#
##.##..#
#######..##
#.......##
#..#....#.# #
#.[..♣#.#. # .
#. ..# .# # . .


You could see a hellephant, 6 starcursed masses, a merfolk javelineer, a ghost
moth (invisible), a wretched star, an Executioner, a spatial vortex, an ancient
zyme, a large abomination, a hellwing, a guardian serpent, a worldbinder, a
smoke demon, a raiju, a neqoxec, 2 wraiths, a shadow (summoned) and a golden
eye.

Vanquished Creatures
  Frances (Swamp:1)
  2 tentacled starspawn (Abyss:4)
  An entropy weaver (Abyss:4)
  A dire elephant (D:15)
  5 eleionomae
  3 bunyips
  A jiangshi (Abyss:3)
  A rakshasa (D:15)
  A great orb of eyes (D:15)
  3 boulder beetles
  12 hydras
  A vault guard (D:14)
  A merfolk avatar (Lair:6)
  2 naga warriors (Abyss:4)
  2 death knights
  11 alligators
  4 centaur warriors
  A catoblepas (Lair:4)
  5 death yaks (Lair:6)
  7 two-headed ogres
  4 hell hogs (Abyss:3)
  2 thrashing horrors (Abyss:4)
  Sonja (D:11)
  5 skeletal warriors
  A wretched star (Abyss:4)
  A spatial maelstrom (Abyss:4)
  A wizard (D:14)
  4 goliath frogs
  An unseen horror (D:13)
  2 spriggan druids (Swamp:3)
  A bog body (Swamp:1)
  6 swamp dragons
  A lindwurm (Lair:3)
  2 phantasmal warriors (D:14)
  2 large abominations
  An orc knight (D:12)
  18 ugly things
  6 cyclopes
  9 slime creatures (D:13)
  4 will-o-the-wisps
  5 manticores
  9 deep elf magi (Orc:1)
  13 elephants
  Maurice (Orc:2)
  7 black mambas
  A guardian serpent (Abyss:4)
  An apocalypse crab (Abyss:4)
  3 torpor snails
  A cane toad (shapeshifter) (Abyss:3)
  23 cane toads
  2 gargoyles
  Maggie (D:6)
  A kobold demonologist (D:13)
  5 rime drakes
  19 komodo dragons
  8 starcursed masses
  An efreet (Abyss:3)
  2 freezing wraiths
  8 trolls
  3 tyrant leeches
  6 hornets
  5 polar bears
  2 wind drakes (Lair:6)
  2 raiju (Abyss:4)
  19 blink frogs
  12 dream sheep
  A shadow (D:15)
  4 spriggans
  Sigmund (D:2)
  3 water elementals (D:14)
  72 yaks
  15 wyverns
  23 humans (D:14)
  4 wraiths
  4 basilisks
  A neqoxec (Abyss:3)
  A steam dragon (D:15)
  9 vampire mosquitoes
  A spatial vortex (Abyss:4)
  3 wargs
  4 acid dragons
  A naga (Abyss:4)
  9 swamp worms
  Duvessa (D:5)
  29 water moccasins
  47 orc warriors
  An ice beast (D:9)
  6 sky beasts
  3 black bears
  10 ogres
  2 phantoms
  A swamp drake (Swamp:3)
  9 wolves
  2 small abominations (Abyss:3)
  An eye of draining (D:12)
  22 centaurs
  A big kobold (D:11)
  Blork the orc (D:5)
  28 bullfrogs
  A gnoll sergeant (D:10)
  3 wyvern zombies
  Dowan (D:5)
  8 scorpions
  A wyvern skeleton (D:14)
  9 wights (D:8)
  18 killer bees
  2 howler monkeys (D:7)
  8 electric eels
  A bullfrog zombie (D:13)
  4 jellies
  2 quasits
  4 centaur zombies
  22 orc priests
  4 centaur skeletons
  2 human zombies (Ossuary)
  3 hounds
  4 iguanas
  27 orc wizards
  15 worker ants
  A big kobold zombie (Ossuary)
  A hound skeleton (D:8)
  5 mummies (Ossuary)
  2 worker ant zombies
  7 gnolls
  15 adders
  A river rat (Lair:2)
  3 shadow imps
  2 white imps
  6 ufetubi
  2 oozes
  An adder zombie (D:5)
  2 worms
  12 dart slugs
  11 leopard geckos
  112 orcs
  9 giant cockroaches
  8 goblins
  11 hobgoblins
  13 jackals
  6 quokkas
  A ball python skeleton (D:5)
  A ball python zombie (D:5)
  7 bats
  4 frilled lizards
  A goblin zombie (Ossuary)
  A hobgoblin zombie (Ossuary)
  A jackal skeleton (D:9)
  9 kobolds
  A kobold zombie (Ossuary)
  A leopard gecko zombie (D:6)
  2 quokka skeletons (D:4)
  5 rats
  3 starspawn tentacles (Abyss:4)
1023 creatures vanquished.

Vanquished Creatures (collateral kills)
  7 death yaks (Lair:6)
  3 elephants
  A rime drake (Lair:2)
  A queen bee (Lair:2)
  A polar bear (Lair:6)
  A blink frog (Lair:2)
  5 yaks
  A water moccasin (Lair:6)
  2 orc warriors (Orc:2)
  A wolf (Lair:2)
  3 centaurs (Orc:2)
  12 killer bees (Lair:2)
  An orc (Orc:2)
39 creatures vanquished.

Vanquished Creatures (others)
  A hydra (Lair:3)
  A bloated husk (Swamp:3)
  A spriggan (Swamp:3)
  An adder (D:4)
  6 demonic plants (Abyss:3)
  20 foxfires
  90 fungi
  138 plants
  4 starspawn tentacles (Abyss:4)
262 creatures vanquished.

Grand Total: 1324 creatures vanquished

Notes
Turn   | Place    | Note
-------+----------+-------------------------------------------
     0 | D:1      | Kinoniko the Draconian Berserker began the quest for the
                  | Orb.
     0 | D:1      | Reached XP level 1. HP: 19/19 MP: 1/1
   188 | D:1      | Reached XP level 2. HP: 26/26 MP: 2/2
   507 | D:1      | Reached ** piety under Trog
   702 | D:1      | Reached XP level 3. HP: 26/33 MP: 3/3
  1000 | D:2      | Reached skill level 4 in Axes
  1194 | D:2      | Noticed Sigmund
  1203 | D:2      | Killed Sigmund
  1204 | D:2      | Reached skill level 5 in Axes
  1204 | D:2      | Reached XP level 4. HP: 41/41 MP: 4/4
  1204 | D:2      | Reached XP level 5. HP: 47/47 MP: 5/5
  1684 | D:2      | Found a sacrificial altar of Ru.
  2215 | D:3      | Reached skill level 5 in Fighting
  2944 | D:4      | Reached XP level 6. HP: 56/56 MP: 6/6
  2960 | D:4      | Reached skill level 6 in Axes
  2963 | D:4      | Reached *** piety under Trog
  3024 | D:4      | Your scales start taking on a fiery red colour.
  3024 | D:4      | Reached XP level 7. HP: 35/62 MP: 7/7
  3024 | D:4      | Gained mutation: Your flesh is heat resistant. (rF+) [Red
                  | Draconian growth]
  3633 | D:4      | Reached skill level 7 in Axes
  4058 | D:5      | Entered Level 5 of the Dungeon
  4091 | D:5      | Found a large runed translucent door.
  4091 | D:5      | Found a large runed translucent door.
  4094 | D:5      | Found a large runed translucent door.
  4094 | D:5      | Found a large runed translucent door.
  4496 | D:5      | Reached XP level 8. HP: 71/71 MP: 8/8
  4531 | D:5      | Reached skill level 8 in Axes
  5177 | D:5      | Found a transporter.
  5179 | D:5      | Noticed Blork the orc
  5185 | D:5      | Killed Blork the orc
  5203 | D:5      | Reached **** piety under Trog
  5320 | D:5      | Noticed a troll
  5329 | D:5      | Killed a troll
  5621 | D:5      | Identified a scroll of acquirement
  5621 | D:5      | Acquired a +1 broad axe of venom
  5642 | D:5      | Reached skill level 9 in Axes
  5713 | D:5      | Noticed Duvessa
  5713 | D:5      | Noticed Dowan
  5714 | D:5      | Found a transporter.
  5720 | D:5      | Killed Duvessa
  5728 | D:5      | Killed Dowan
  6029 | D:6      | Reached XP level 9. HP: 67/80 MP: 9/9
  6184 | D:6      | Noticed Maggie
  6191 | D:6      | Killed Maggie
  6192 | D:6      | Reached skill level 5 in Dodging
  6414 | D:6      | Reached skill level 10 in Axes
  7095 | D:7      | Identified the +1 trident of Experimentation {distort,
                  | +Blink Str+4}
  7100 | D:7      | Found a transporter.
  7100 | D:7      | Found a transporter.
  7101 | D:7      | Found a one-way gate to the infinite horrors of the Abyss.
  7101 | D:7      | Noticed anet's ghost (novice GnHu)
  7106 | D:7      | Noticed an ancient zyme
  7601 | D:7      | Found a staircase to the Ecumenical Temple.
  7615 | D:7      | Noticed a purple ugly thing
  7728 | D:7      | Reached ***** piety under Trog
  8515 | D:8      | Found a sand-covered staircase.
  8527 | D:8      | Reached skill level 11 in Axes
  8538 | D:8      | Reached XP level 10. HP: 81/90 MP: 10/10
  8541 | Ossuary  | Entered an ossuary
  9916 | D:9      | Noticed a cyclops
  9930 | D:9      | Killed a cyclops
 10269 | D:9      | Found a staircase to the Lair.
 10337 | D:9      | Reached skill level 12 in Axes
 10381 | D:9      | Reached skill level 1 in Shields
 11201 | D:9      | Found a stormy altar of Qazlal.
 11338 | D:9      | Received a gift from Trog
 11573 | Lair:1   | Entered Level 1 of the Lair of Beasts
 11586 | Lair:1   | Noticed a five-headed hydra
 11593 | Lair:1   | Killed a one-headed hydra
 11594 | Lair:1   | Reached skill level 10 in Fighting
 11847 | Lair:1   | You fall into a shaft and drop 1 floor!
 11852 | Lair:2   | Noticed a cane toad
 11855 | Lair:2   | Reached XP level 11. HP: 99/99 MP: 11/11
 12716 | Lair:1   | Reached skill level 13 in Axes
 13168 | Lair:1   | Noticed a five-headed hydra
 13176 | Lair:1   | Killed a two-headed hydra
 13326 | Lair:1   | Noticed a four-headed hydra
 13332 | Lair:1   | Killed a one-headed hydra
 13346 | Lair:1   | Reached skill level 5 in Shields
 13666 | Lair:1   | Noticed a four-headed hydra
 13671 | Lair:1   | Killed a one-headed hydra
 13672 | Lair:1   | Reached XP level 12. HP: 110/110 MP: 12/12
 14885 | Lair:2   | Received a gift from Trog
 14989 | Lair:2   | Reached skill level 14 in Axes
 17060 | Lair:3   | Found a hole to the Spider Nest.
 17290 | Lair:3   | Reached XP level 13. HP: 118/118 MP: 13/13
 17582 | Lair:3   | Reached skill level 15 in Axes
 17934 | Lair:3   | Found a staircase to the Swamp.
 18183 | Lair:4   | Received a gift from Trog
 19269 | Lair:4   | Reached skill level 10 in Dodging
 20687 | Lair:5   | Found a hazy altar of Hepliaklqana.
 21415 | Lair:6   | Entered Level 6 of the Lair of Beasts
 21432 | Lair:6   | Received a gift from Trog
 21567 | Lair:6   | Got a crude bronze ring
 21568 | Lair:6   | Identified the ring "Ylekk" {*Drain rPois rF+++ rN++ AC+4}
                  | (You found it on level 6 of the Lair of Beasts)
 21703 | Lair:6   | Reached XP level 14. HP: 126/127 MP: 14/14
 21722 | Lair:6   | Reached skill level 16 in Axes
 21961 | Lair:6   | Reached skill level 10 in Shields
 22072 | Lair:6   | Found a viscous altar of Jiyva.
 22073 | Lair:6   | Found a staircase to the Slime Pits.
 23357 | D:10     | Entered Level 10 of the Dungeon
 23613 | D:10     | Received a gift from Trog
 23837 | D:10     | Found a runed translucent gate.
 23838 | D:10     | Found a runed translucent gate.
 23839 | D:10     | Found a runed translucent gate.
 23848 | D:10     | Noticed Decritt's ghost (novice GrFi)
 23849 | D:10     | Identified the +4 whip "Cixt" {elec, Stlth+}
 24695 | D:11     | Noticed Sonja
 24713 | D:11     | Killed Sonja
 25729 | D:12     | Reached XP level 15. HP: 89/137 MP: 15/15
 25991 | D:12     | Found Ohug Focw's Gadget Shop.
 26145 | D:12     | Reached skill level 17 in Axes
 26257 | D:12     | Found Tixeunku's General Store.
 26549 | D:12     | Received a gift from Trog
 26643 | D:12     | Found a staircase to the Orcish Mines.
 26862 | Orc:1    | Entered Level 1 of the Orcish Mines
 27484 | Orc:1    | Reached ****** piety under Trog
 27729 | Orc:2    | Entered Level 2 of the Orcish Mines
 28047 | Orc:2    | Received a gift from Trog
 28105 | Orc:2    | Found Xuicosk's Antique Weapon Shoppe.
 28105 | Orc:2    | Found Narad's Assorted Antiques.
 28107 | Orc:2    | Found Optewka's Assorted Antiques.
 28110 | Orc:2    | Found Icukleok's Assorted Antiques.
 28159 | Orc:2    | Bought a pair of fine gloves for 256 gold pieces
 28159 | Orc:2    | Bought a scroll of acquirement for 1404 gold pieces
 28355 | Orc:2    | Noticed Maurice
 28357 | Orc:2    | Found a staircase to the Elven Halls.
 28412 | Orc:2    | Killed Maurice
 28442 | Orc:2    | Acquired 800 gold pieces
 28454 | Orc:2    | Identified the +2 pair of gloves "Lummaig" {Str+3 Int+3}
                  | (You bought it in a shop on level 2 of the Orcish Mines)
 28839 | D:13     | Found a shadowy altar of Dithmenos.
 28890 | D:13     | Found the +6 arbalest "Damnation" {damnation}
 29051 | D:13     | Found an opulent altar of Gozag.
 29920 | D:14     | Received a gift from Trog
 29927 | D:14     | Got a crystal broad axe {god gift}
 30064 | D:14     | Identified the +9 broad axe "Zodduapn" {flame, rC+} (Trog
                  | gifted it to you on level 14 of the Dungeon)
 30359 | D:14     | Reached skill level 1 in Evocations
 30645 | D:14     | Reached XP level 16. HP: 147/147 MP: 16/16
 30714 | D:14     | Found a gate to the Vaults.
 31276 | D:14     | Found a portal to a secret trove of treasure.
 31490 | D:15     | Entered Level 15 of the Dungeon
 31500 | D:15     | Reached skill level 18 in Axes
 31572 | D:15     | Found an opulent altar of Gozag.
 31850 | D:15     | Received a gift from Trog
 31855 | D:15     | Paralysed by a great orb of eyes for 5 turns
 32158 | D:15     | Paralysed by a great orb of eyes for 4 turns
 32388 | D:15     | Found a staircase to the Depths.
 32848 | Swamp:1  | Entered Level 1 of the Swamp
 33362 | Swamp:1  | Noticed Frances
 33375 | Swamp:1  | Killed Frances
 35094 | Swamp:3  | Reached skill level 15 in Fighting
 35495 | Swamp:3  | Reached skill level 5 in Evocations
 35506 | Swamp:3  | Received a gift from Trog
 35801 | Swamp:3  | Noticed Louise
 35808 | Swamp:3  | Cast into level 3 of the Abyss (Louise)
 35915 | Abyss:3  | Gained mutation: Scrolls take you a little longer to read.
                  | [a neqoxec]
 35929 | Abyss:3  | Reached XP level 17. HP: 156/156 MP: 17/17
 35963 | Abyss:3  | Lost mutation: Scrolls take you a little longer to read.
                  | [potion of mutation]
 35963 | Abyss:3  | Gained mutation: Your flesh is cold resistant. (rC+)
                  | [potion of mutation]
 35963 | Abyss:3  | Gained mutation: Your body sometimes deteriorates upon
                  | taking damage. [potion of mutation]
 35963 | Abyss:3  | Gained mutation: You have supernaturally acute eyesight.
                  | (SInv) [potion of mutation]
 35963 | Abyss:3  | Gained mutation: You are resistant to hostile enchantments.
                  | (MR+) [potion of mutation]
 35964 | Abyss:3  | Lost mutation: Your body sometimes deteriorates upon taking
                  | damage. [potion of mutation]
 35964 | Abyss:3  | Lost mutation: Your flesh is cold resistant. (rC+) [potion
                  | of mutation]
 35964 | Abyss:3  | Gained mutation: You are agile. (Dex +2) [potion of
                  | mutation]
 35964 | Abyss:3  | Gained mutation: Your large and strong wings let you fly
                  | indefinitely. [potion of mutation]
 36046 | Abyss:4  | Found a corrupted altar of Lugonu.
 36163 | Abyss:4  | Noticed a hellephant
 36182 | Abyss:4  | HP: 5/234 [Executioner (26)]
 36182 | Abyss:4  | Slain by a hellwing

Illustrated notes

Levels and vault maps discovered:
D:1:      dpeg_arrival_oval, layout_basic, glass_columns_b
D:2:      minmay_inner_zag, layout_basic, nicolae_ru_awakened_eye, uniq_sigmund
D:3:      layout_basic
D:4:      kennysheep_slugbush, layout_basic
D:5:      gammafunk_steamed_eel, layout_basic, minmay_hollow_rounded_squares,
          uniq_blork_the_orc, uniq_duvessa
D:6:      layout_cave_pods, uniq_maggie
D:7:      layout_loops_ring, minmay_temple_entry_purple_smoke,
          gammafunk_ghost_abyssal_escape
D:8:      layout_basic, nicolae_ossuary_entry_ruins, minmay_manual_mares
D:9:      layout_grid_maze, due_lair_maze_entry_diamond,
          nicolae_qazlal_general_emergency
D:10:     layout_irregular_city, gammafunk_ghost_nasty_kobolds
D:11:     layout_roguey, uniq_sonja
D:12:     layout_roguey, david_orc_4, serial_shops, nicolae_shop_trees,
          nicolae_shop_behind_doors, minmay_quadrilaterals
D:13:     layout_irregular_city, serial_column_ruins, column_ruins_temple_hall,
          column_ruins_hut_ruined, column_ruins_columns_straight,
          column_ruins_corridor_straight, column_ruins_grid_1,
          column_ruins_open_tiny, lemuel_altar_in_water
D:14:     layout_basic, grunt_vaults_entry_tiered, enter_trove_3
D:15:     hangedman_depths_entry_try_elsewhere_first, layout_cave_pools,
          nicolae_gozag_cash_rules_everything_around_me
Lair:1:   layout_regular_city, grunt_megastairs_3, serial_bayou_shore_a
Lair:2:   regret_index_wax_grids, layout_regular_city
Lair:3:   layout_roguey, palyth_hydra_swamp_entry,
          nicolae_spider_entry_non_spiders, lemuel_fruit_tree,
          serial_bayou_shore_b
Lair:4:   layout_gridlike, chequers_serial_rivers_micro_d, beast_lair_carwin_10,
          grunt_megastairs_1
Lair:5:   layout_long_grid, basic_altar, minmay_shattered_shrine,
          lemuel_fruit_fields
Lair:6:   gammafunk_lair_ancient_temple, layout_cave_pods, slime_altar_1
Swamp:1:  layout_basic_swamp, serial_swamp_ruin, evilmike_swamp_ruin_house_4,
          evilmike_swamp_ruin_house_1, infiniplex_staircase_pool_2, uniq_frances
Swamp:2:  layout_basic_swamp, nicolae_swamp_very_dense_foliage, swamp_pool1,
          infiniplex_staircase_pool
Swamp:3:  layout_basic_swamp, evilmike_swamp_ruin_house_6, uniq_louise
Orc:1:    layout_caves, elves_outpost_lemuel
Orc:2:    st_orc_rangers, layout_diamond_mine, uniq_maurice
Abyss:4:  base: D:14, grunt_abyss_exit_deep_breaths,
          nicolae_abyss_rune_left_handed

Skill      XL: |  1  2  3  4  5  6  7  8  9 10 11 12 13 14 15 16 17 |
---------------+----------------------------------------------------+-----
Axes           | 5 6 7 9 11 12 13 14 15 16 17 18 | 18.9
Fighting       | 4 5 6 7 8 10 11 12 13 14 15 | 15.2
Dodging        | 3 4 6 7 8 9 10 11 12 | 12.5
Shields        | 2 5 7 9 11 12 13 14 | 14.0
Evocations     | 2 5 |  5.6

Action                   |  1- 3 |  4- 6 |  7- 9 | 10-12 | 13-15 | 16-18 || total
-------------------------+-------+-------+-------+-------+-------+-------++-------
Melee: Hand axe          |    86 |   112 |   119 |       |       |       ||   317
       Tailslap          |     6 |     3 |    47 |    79 |   233 |    91 ||   459
       War axe           |       |       |    38 |       |       |       ||    38
       Broad axe         |       |       |   189 |   373 |  1208 |   489 ||  2259
       Executioner's axe |       |       |       |   151 |       |       ||   151
Invok: Berserk           |     2 |     1 |    12 |    29 |    24 |    12 ||    80
       Trog's Hand       |       |     1 |       |     3 |     2 |     1 ||     7
       Brothers in Arms  |       |       |       |     2 |     6 |     1 ||     9
 Abil: Breathe Fire      |       |       |       |       |    10 |       ||    10
  Use: Scroll            |       |     1 |    15 |    11 |    13 |    10 ||    50
       Potion            |       |     5 |       |     3 |    10 |     4 ||    22
 Stab: Sleeping          |     1 |     3 |     1 |     2 |     1 |       ||     8
       Distracted        |     1 |       |       |     1 |       |       ||     2
       Invisible         |       |       |       |       |     2 |     1 ||     3
       Petrified         |       |       |       |       |     1 |       ||     1
Armor: Skin              |    42 |    59 |   111 |   141 |   179 |    91 ||   623
Dodge: Dodged            |    72 |    78 |   267 |   414 |   372 |   139 ||  1342
Block: Tower shield      |       |       |       |   110 |  1106 |   513 ||  1729
       Reflection        |       |       |       |       |       |     7 ||     7

Table legend: (Time is in decaauts)
 A = Elapsed time spent in this place.
 B = Non-inter-level travel time spent in this place.
 C = Inter-level travel time spent in this place.
 D = Time resting spent in this place.
 E = Time spent auto-exploring this place.
 F = Levels seen in this place.
 G = Mean time per level.
                   A        B        C        D        E       F      G
               +--------+--------+--------+--------+--------+-----+--------+
         Total |  37087 |  35425 |   1662 |  12253 |  17588 |  29 | 1278.9 |
       Dungeon |  19289 |  18123 |   1166 |   4987 |  10367 |  15 | 1285.9 |
          Lair |  12268 |  11851 |    417 |   5566 |   4805 |   6 | 2044.7 |
         Swamp |   3036 |   2999 |     37 |   1197 |   1255 |   3 | 1012.0 |
  Orcish Mines |   1657 |   1616 |     41 |    161 |    911 |   2 |  828.5 |
         Abyss |    381 |    381 |      0 |    196 |     60 |   2 |  190.5 |
       Ossuary |    455 |    455 |      0 |    143 |    189 |   1 |  455.0 |
               +--------+--------+--------+--------+--------+-----+--------+

Top non-repeatable levels by time:
  Lair:2: 2716 daAuts
  Lair:1: 2524 daAuts
    D:14: 2506 daAuts
     D:5: 2248 daAuts
  Lair:6: 1917 daAuts
  Lair:3: 1823 daAuts
  Lair:5: 1724 daAuts
     D:9: 1601 daAuts
  Lair:4: 1561 daAuts
 Swamp:1: 1529 daAuts
    D:12: 1519 daAuts
     D:7: 1456 daAuts
     D:6: 1306 daAuts
     D:8: 1214 daAuts
     D:2: 1193 daAuts
